Map: Proxima Station LE

Players

Lambo - Winner!

  • Race: Zerg Zerg
  • Spawn Location: 7:00

ShoWTimE

  • Race: Protoss Protoss
  • Spawn Location: 1:00

Event: WCS Jonkoping 2017

VOD

Have the link to the VOD?

Description

Time

  • Played on: June 17, 2017, 10:49 a.m.
  • Length: 7:58

All games in this series

Show
View Real Time Build Order
Export as new Build Order

Lambo Zerg - Winner!

Build Orders: Hatch First 

Get SALT Encoding   

  12  0:01  Drone  
  13  0:13  Overlord  
  13  0:18  Drone  
  14  0:31  Drone x2  
  16  0:37  Drone  
  17  0:52  Hatchery  
  17  0:55  Drone  
  17  0:59  Drone  
  18  1:09  Extractor  
  17  1:14  Spawning Pool  
  17  1:16  Drone  
  17  1:20  Drone  
  18  1:29  Drone  
  19  1:39  Overlord  
  19  1:50  Drone  
  20  2:01  Queen  
  20  2:02  Zergling x2  
  20  2:04  Queen, Zergling x2  
  26  2:11  Metabolic Boost  
  26  2:12  Drone  
  27  2:16  Drone  
  28  2:24  Drone  
  28  2:27  Drone  
  30  2:36  Hatchery  
  29  2:40  Drone  
  29  2:43  Drone  
  31  2:49  Queen  
  33  2:53  Overlord  
  33  2:56  Drone  
  34  3:01  Drone  
  35  3:06  Drone  
  35  3:12  Drone x2, Overlord  
  38  3:13  Drone  
  38  3:16  Drone x2  
  38  3:19  Zergling x2  
  42  3:20  Drone  
  42  3:24  Drone  
  44  3:30  Queen  
  44  3:32  Drone x2  
  48  3:38  Drone  
  49  3:43  Lair  
  49  3:44  Drone x2  
  51  3:50  Drone x3  
  51  3:52  Spore Crawler  
  53  3:57  Overlord  
  53  3:59  Evolution Chamber  
  53  4:00  Drone x2  
  54  4:04  Spore Crawler, Drone  
  54  4:08  Queen  
  56  4:10  Drone  
  56  4:12  Drone  
  58  4:17  Overlord  
  58  4:19  Extractor  
  58  4:21  Extractor, Drone x2  
  58  4:23  Zergling x6  
  61  4:26  Spore Crawler  
  61  4:28  Overlord  
  61  4:29  Zergling x2  
  60  4:34  Drone x3  
  60  4:38  Drone x2  
  65  4:39  Extractor  
  65  4:42  Overseer  
  65  4:44  Zerg Missile Weapons Level 1  
  65  4:45  Drone x3  
  67  4:48  Drone x2  
  69  4:53  Overlord  
  69  4:55  Zergling x2  
  69  4:56  Zergling x6  
  73  5:05  Drone x6  
  76  5:08  Zergling x2  
  76  5:11  Drone  
  76  5:13  Hydralisk Den  
  76  5:16  Drone  
  76  5:20  Extractor  
  76  5:27  Overlord  
  76  5:29  Overlord  
  76  5:31  Drone x4  
  76  5:33  Drone  
  81  5:41  Overlord  
  81  5:47  Zergling x6  
  81  5:48  Zergling x8  
  86  5:52  Muscular Augments  
  86  5:54  Drone x2  
  86  5:56  Overlord  
  86  5:57  Hydralisk x3  
  88  6:00  Hydralisk x2  
  88  6:03  Overlord  
  98  6:05  Overlord  
  98  6:06  Hatchery  
  98  6:09  Hydralisk x2  
  101  6:17  Overlord  
  101  6:18  Hydralisk  
  101  6:25  Hydralisk x3  
  107  6:29  Hydralisk  
  107  6:30  Hydralisk x2  
  115  6:34  Hydralisk x2  
  115  6:39  Hydralisk x2  
  121  6:42  Hydralisk x2  
  121  6:45  Hydralisk  
  129  6:49  Hydralisk  
  129  6:51  Overlord  
  131  6:56  Hydralisk x2  
  131  6:58  Zergling x8  
  139  7:02  Overlord x2  
  139  7:08  Overlord  
  139  7:09  Overlord x2  
  139  7:12  Overlord  
  136  7:18  Hydralisk x3  
  136  7:19  Zergling x2  
  136  7:22  Hydralisk  
  139  7:25  Hydralisk x2  
  139  7:26  Zergling x2  
  137  7:30  Hydralisk x2  
  137  7:33  Zergling x6  
Show
View Real Time Build Order
Export as new Build Order

ShoWTimE Protoss 

Build Orders: Nexus First, Zealot Archon, Dark Templar Rush 

Get SALT Encoding   

  12  0:00  Probe (Chrono Boost)  
  13  0:11  Probe (Chrono Boost)  
  14  0:17  Pylon  
  14  0:22  Probe (Chrono Boost)  
  16  0:35  Probe (Chrono Boost)  
  16  0:46  Probe (Chrono Boost)  
  17  0:58  Nexus  
  17  1:08  Gateway  
  17  1:11  Probe (Chrono Boost)  
  17  1:17  Assimilator  
  18  1:22  Probe (Chrono Boost)  
  18  1:25  Assimilator  
  20  1:32  Probe (Chrono Boost)  
  20  1:37  Pylon  
  20  1:43  Probe (Chrono Boost)  
  21  1:53  Probe (Chrono Boost)  
  22  1:55  Cybernetics Core  
  22  2:00  Zealot  
  24  2:04  Probe (Chrono Boost)  
  25  2:10  Probe (Chrono Boost)  
  25  2:15  Probe (Chrono Boost)  
  27  2:21  Probe (Chrono Boost)  
  28  2:25  Probe (Chrono Boost)  
  29  2:30  Probe (Chrono Boost), Stalker (Chrono Boost)  
  29  2:31  Warp Gate  
  29  2:36  Probe  
  33  2:40  Probe  
  33  2:43  Twilight Council  
  34  2:48  Probe (Chrono Boost)  
  35  2:51  Probe (Chrono Boost)  
  36  3:00  Probe (Chrono Boost)  
  36  3:03  Probe (Chrono Boost)  
  36  3:04  Robotics Facility  
  38  3:11  Probe (Chrono Boost)  
  39  3:14  Probe (Chrono Boost)  
  39  3:19  Pylon  
  40  3:21  Probe (Chrono Boost)  
  40  3:24  Dark Shrine  
  40  3:26  Probe (Chrono Boost)  
  42  3:30  Gateway  
  42  3:33  Probe (Chrono Boost)  
  42  3:37  Gateway  
  42  3:38  Probe (Chrono Boost)  
  43  3:43  Gateway  
  43  3:46  Probe (Chrono Boost)  
  43  3:48  Probe (Chrono Boost)  
  44  3:51  Warp Prism (Chrono Boost)  
  47  3:57  Probe (Chrono Boost)  
  47  4:01  Pylon  
  48  4:03  Assimilator  
  48  4:04  Probe (Chrono Boost)  
  48  4:06  Assimilator  
  48  4:09  Mothership Core (Chrono Boost)  
  51  4:14  Pylon  
  52  4:17  Probe (Chrono Boost)  
  52  4:28  Probe (Chrono Boost)  
  52  4:29  Probe (Chrono Boost)  
  54  4:39  Nexus  
  54  4:42  Pylon  
  54  4:53  Dark Templar x4  
  54  4:56  Probe (Chrono Boost)  
  54  4:58  Probe (Chrono Boost)  
  64  5:11  Immortal  
  64  5:12  Forge, Probe (Chrono Boost)  
  64  5:14  Probe (Chrono Boost), Archon  
  66  5:15  Archon  
  66  5:18  Charge  
  70  5:22  Gateway  
  70  5:23  Probe (Chrono Boost)  
  70  5:24  Gateway  
  70  5:26  Probe (Chrono Boost)  
  70  5:27  Sentry  
  74  5:29  Pylon  
  74  5:33  Probe (Chrono Boost)  
  74  5:34  Sentry  
  77  5:38  Probe (Chrono Boost), Pylon  
  78  5:45  Immortal  
  78  5:47  Probe (Chrono Boost)  
  80  5:50  Probe (Chrono Boost)  
  80  5:54  Gateway  
  80  5:56  Gateway  
  84  5:57  Probe (Chrono Boost)  
  84  5:58  Probe (Chrono Boost)  
  84  6:00  Protoss Ground Weapons Level 1 (Chrono Boost)  
  84  6:02  Sentry  
  88  6:05  Probe  
  88  6:09  Probe  
  88  6:10  Sentry  
  92  6:12  Probe  
  92  6:17  Pylon  
  92  6:18  Probe  
  94  6:19  Assimilator  
  94  6:21  Probe, Immortal  
  94  6:23  Assimilator  
  94  6:24  Probe  
  96  6:30  Probe  
  101  6:33  Pylon, Probe  
  102  6:41  Zealot x3  
  102  6:42  Zealot  
  110  6:49  Robotics Facility  
  110  6:54  Templar Archives  
  110  6:58  Observer  
  111  7:08  Zealot x2, Dark Templar x2  
  113  7:10  Pylon  
  113  7:11  Pylon  
  113  7:13  Archon  
  117  7:16  Pylon  
  117  7:18  Zealot x4  
  105  7:31  Zealot x2  
  102  7:40  Zealot  
  102  7:41  Zealot x2  
  90  7:50  Zealot x3  
  90  7:51  Zealot x2  
Tags
 
Add a new tag
Caveats
  • Supply blocks, unpowered buildings, or Contaminate may cause inaccurate times.
  • Supply counts are checked every 10 seconds.